Map: Eternal Empire LE

Players

HeroMarine - Winner!

  • Race: Terran Terran
  • Spawn Location: 7:00

souL

  • Race: Terran Terran
  • Spawn Location: 1:00

Event: IEM Katowice 2020

VOD

Have the link to the VOD?

Description

Time

  • Played on: Feb. 24, 2020, 5:37 a.m.
  • Length: 16:55

All games in this series

Show
View Real Time Build Order
Export as new Build Order

HeroMarine Terran - Winner!

Build Orders: Gas First Reaper Expand 

Get SALT Encoding   

  12  0:00  SCV  
  13  0:12  SCV  
  14  0:17  Supply Depot  
  14  0:25  SCV  
  15  0:29  Refinery  
  15  0:38  SCV  
  16  0:44  Barracks  
  16  0:50  SCV  
  17  1:02  SCV  
  18  1:14  SCV  
  19  1:31  Reaper, Orbital Command  
  20  1:42  Command Center  
  20  1:53  Factory  
  20  1:57  SCV  
  21  2:07  Barracks Reactor  
  21  2:09  SCV  
  21  2:13  Supply Depot  
  22  2:17  Refinery  
  22  2:21  SCV  
  23  2:35  SCV  
  24  2:38  Hellion  
  24  2:42  Starport  
  24  2:43  Marine x2  
  28  2:47  SCV  
  29  2:54  Orbital Command  
  29  2:59  SCV  
  29  3:02  Factory Tech Lab  
  29  3:03  Marine x2  
  32  3:11  SCV  
  33  3:21  Marine x2  
  33  3:23  SCV  
  36  3:27  SCV  
  36  3:31  Factory Tech Lab  
  36  3:32  Raven  
  38  3:36  SCV  
  38  3:37  Supply Depot  
  38  3:39  SCV, Marine x2  
  42  3:48  SCV  
  43  3:51  SCV  
  44  3:57  Marine x2  
  44  3:59  Siege Tank  
  44  4:00  SCV, Supply Depot  
  50  4:03  SCV  
  51  4:12  SCV  
  51  4:13  Command Center  
  51  4:15  SCV  
  53  4:24  SCV  
  53  4:27  Stimpack  
  53  4:28  SCV, Marine  
  56  4:33  Starport Reactor, Barracks  
  56  4:35  Barracks  
  56  4:36  SCV  
  57  4:40  SCV, Supply Depot  
  58  4:48  Engineering Bay  
  58  4:49  Engineering Bay  
  58  4:50  SCV  
  58  4:52  SCV  
  60  4:58  Refinery  
  60  4:59  Refinery  
  60  5:01  Siege Tank  
  60  5:02  SCV  
  60  5:04  SCV, Marine  
  66  5:14  SCV  
  66  5:16  SCV  
  66  5:18  Terran Infantry Armor Level 1  
  68  5:22  Marine  
  68  5:24  Starport Reactor, Marine x2  
  68  5:26  Orbital Command  
  68  5:27  SCV  
  71  5:28  SCV  
  71  5:32  Marine  
  71  5:35  Marine  
  73  5:39  SCV  
  73  5:40  Marine, Siege Tank  
  73  5:41  SCV  
  79  5:48  Marine  
  79  5:49  Orbital Command, Marine x2  
  81  5:51  SCV  
  81  5:55  SCV, Terran Infantry Weapons Level 1  
  84  5:58  Marine  
  84  6:02  Supply Depot  
  85  6:04  Supply Depot  
  85  6:07  Combat Shield  
  85  6:11  SCV  
  85  6:13  SCV  
  85  6:15  SCV  
  86  6:20  Medivac x2  
  86  6:24  SCV, Siege Tank  
  86  6:25  SCV, Marine  
  95  6:26  Marine  
  95  6:27  SCV, Marine  
  95  6:29  Marine  
  95  6:30  Marine  
  100  6:36  SCV  
  100  6:37  SCV  
  100  6:39  SCV, Missile Turret  
  103  6:44  Armory  
  105  6:48  SCV, Supply Depot  
  105  6:49  SCV  
  105  6:51  SCV  
  108  7:00  SCV, Barracks  
  107  7:01  SCV  
  107  7:02  Barracks  
  107  7:03  SCV  
  107  7:07  Refinery  
  109  7:08  Refinery  
  109  7:10  Medivac x2, Siege Tank  
  109  7:11  Supply Depot  
  109  7:12  SCV  
  117  7:16  SCV  
  117  7:17  SCV  
  117  7:18  Marine  
  117  7:21  Marine  
  117  7:32  SCV x3, Marine x3  
  117  7:36  Marine  
  124  7:39  Marine  
  124  7:41  Supply Depot  
  124  7:42  Supply Depot  
  124  7:43  Terran Infantry Armor Level 2  
  124  7:44  SCV x2, Supply Depot  
  125  7:47  SCV  
  125  7:50  Barracks Reactor x2, Marine x2  
  130  7:52  Marine  
  130  7:53  Marine  
  130  7:56  SCV  
  133  8:01  SCV, Marine  
  133  8:02  SCV  
  133  8:05  Siege Tank  
  134  8:08  SCV, Marine  
  134  8:10  Marine  
  139  8:21  Factory  
  139  8:22  Viking x2, SCV  
  139  8:23  SCV  
  139  8:24  SCV  
  145  8:31  Barracks Reactor, Command Center  
  143  8:35  SCV x2  
  143  8:36  SCV  
  143  8:40  Siege Tank  
  149  8:47  SCV x2  
  151  8:48  SCV  
  151  8:52  Medivac x2, Marine x2  
  157  8:59  Supply Depot x2, Marine  
  157  9:00  Marine  
  157  9:01  Marine x2  
  157  9:03  Marine  
  157  9:06  Marine  
  150  9:14  Marine  
  150  9:15  Marine  
  142  9:18  Marine  
  142  9:19  Marine  
  142  9:20  Marine x2  
  142  9:21  Marine x3, Siege Tank x2  
  152  9:28  Medivac x2  
  152  9:30  Command Center  
  155  9:35  Marine x2  
  157  9:38  Marine  
  158  9:47  Supply Depot  
  158  9:59  Marine  
  158  10:01  Marine  
  158  10:03  Marine  
  158  10:04  Marine x4  
  158  10:05  Marine x3  
  135  10:17  Marine  
  135  10:19  Marine  
  135  10:21  Marine, Siege Tank  
  132  10:22  Marine x4  
  132  10:23  Marine x3  
  140  10:33  Siege Tank  
  140  10:35  Medivac  
  146  10:39  Medivac  
  154  10:44  Terran Infantry Armor Level 3, Terran Infantry Weapons Level 2  
  147  10:52  Orbital Command  
  147  10:58  Siege Tank  
  150  11:05  Viking  
  150  11:06  Terran Vehicle Weapons Level 1  
  150  11:09  Viking  
  154  11:16  Siege Tank  
  157  11:20  Marine  
  155  11:30  Siege Tank  
  156  11:34  Refinery, Marine x2  
  156  11:35  Viking, Marine x6  
  156  11:36  Marine  
  164  11:41  SCV x2  
  164  11:42  SCV  
  164  11:43  Marine  
  158  11:48  Siege Tank  
  158  11:52  Marine x2  
  158  11:53  SCV, Marine x2  
  158  11:54  SCV x2  
  161  11:57  Viking  
  163  12:02  Siege Tank  
  169  12:10  Viking  
  169  12:14  Marine x9  
  177  12:22  Siege Tank  
  180  12:25  Supply Depot  
  180  12:27  Supply Depot  
  180  12:32  Viking  
  182  12:41  Viking  
  184  12:58  Siege Tank x2  
  190  13:02  Viking  
  192  13:07  Terran Infantry Weapons Level 3  
  192  13:11  Viking  
  188  13:27  Marine  
  188  13:28  Marine x2  
  188  13:29  Command Center, Marine x3  
  188  13:30  Marine x4  
  188  13:32  Medivac  
  200  13:41  Medivac  
  196  13:45  Marine  
  196  13:46  Marine  
  200  13:49  Terran Ship Weapons Level 1  
  200  13:52  Starport x2  
  200  13:55  Missile Turret  
  197  14:09  Siege Tank  
  191  14:14  Liberator  
  191  14:16  Liberator  
  191  14:17  Siege Tank  
  198  14:19  Marine x2  
  198  14:20  Marine x2  
  198  14:21  Marine  
  198  14:22  Marine  
  160  15:08  Marine, Siege Tank x2  
  160  15:09  Marine x9  
  160  15:10  Viking x4  
  177  15:24  Unknown  
  177  15:25  Planetary Fortress  
  177  15:26  Marine x3  
  177  15:27  Marine x4  
  177  15:28  Marine  
  185  15:29  Marine  
  185  15:30  Marine  
  186  15:40  Siege Tank x2  
  191  15:44  Marine  
  191  15:45  Marine  
  191  15:46  Marine  
  191  15:49  Marine x2  
  191  15:52  Marine  
  191  15:53  Marine  
  149  15:58  Marine x2  
  149  16:00  Marine  
  149  16:02  Marine  
  149  16:03  Marine x2  
  153  16:07  Viking  
  155  16:12  Siege Tank x2  
  155  16:14  Marine  
  155  16:17  Marine x2  
  162  16:23  Marine x3  
  162  16:24  Marine x3  
  162  16:25  Marine  
  160  16:32  Marine  
  148  16:35  Marine x2  
Show
View Real Time Build Order
Export as new Build Order

souL Terran 

Build Orders:  

Get SALT Encoding   

  12  0:00  SCV  
  13  0:12  SCV  
  14  0:17  Supply Depot  
  14  0:24  SCV  
  14  0:27  Refinery  
  15  0:38  SCV  
  16  0:44  Barracks  
  16  0:50  SCV  
  16  0:55  Refinery  
  17  1:02  SCV  
  18  1:15  SCV  
  20  1:34  Factory  
  20  1:35  Reaper, Orbital Command  
  20  1:46  Supply Depot  
  20  2:01  SCV  
  21  2:08  Reaper  
  22  2:13  SCV  
  23  2:17  Hellion  
  25  2:25  SCV  
  25  2:29  Command Center  
  26  2:37  SCV  
  26  2:42  Supply Depot, Factory Tech Lab  
  26  2:43  Barracks Reactor  
  27  2:49  SCV  
  28  3:01  SCV  
  28  3:03  Cyclone, Starport  
  32  3:13  SCV  
  33  3:20  Marine x2  
  33  3:25  SCV  
  35  3:37  SCV  
  35  3:38  Marine  
  37  3:42  Orbital Command, Factory Tech Lab  
  37  3:43  Refinery, Marine  
  38  3:49  SCV  
  39  3:55  Raven  
  39  3:56  Marine  
  39  4:02  SCV  
  43  4:06  Siege Tank  
  43  4:09  SCV  
  47  4:13  Supply Depot  
  47  4:14  SCV  
  48  4:18  Supply Depot  
  48  4:20  Marine x2  
  48  4:21  SCV  
  51  4:26  SCV  
  52  4:33  SCV  
  52  4:38  SCV, Raven  
  55  4:46  SCV, Command Center  
  55  4:49  Marine  
  58  4:52  SCV  
  58  4:58  SCV  
  58  4:59  Siege Tank  
  62  5:03  Supply Depot  
  62  5:05  SCV, Supply Depot  
  63  5:10  SCV  
  64  5:17  SCV  
  65  5:22  SCV  
  66  5:29  SCV  
  66  5:31  Siege Tank  
  66  5:32  Starport Reactor  
  66  5:33  Stimpack  
  66  5:34  SCV, Marine, Barracks  
  72  5:39  Supply Depot, Barracks  
  72  5:41  SCV  
  73  5:50  Engineering Bay  
  73  5:51  SCV, Engineering Bay  
  73  5:53  SCV  
  73  5:57  Refinery  
  75  6:02  Orbital Command  
  75  6:04  SCV  
  75  6:09  Marine  
  75  6:10  SCV  
  78  6:15  Siege Tank  
  78  6:16  SCV  
  78  6:17  Supply Depot  
  78  6:18  Terran Infantry Weapons Level 1  
  82  6:21  Terran Infantry Armor Level 1  
  82  6:23  Marine  
  83  6:26  Starport Reactor  
  83  6:27  Orbital Command  
  83  6:32  SCV  
  84  6:36  SCV  
  84  6:38  Marine  
  84  6:39  Marine  
  87  6:40  Marine  
  87  6:42  Marine  
  87  6:44  Bunker  
  87  6:45  SCV, Marine  
  87  6:46  Sensor Tower  
  91  6:47  Siege Tank  
  91  6:48  SCV  
  91  6:52  Supply Depot  
  95  6:55  SCV, Marine  
  95  6:56  Marine  
  95  6:57  SCV  
  95  6:58  Marine  
  95  7:00  SCV, Marine  
  102  7:01  Supply Depot  
  102  7:03  Marine  
  102  7:07  SCV  
  102  7:08  Sensor Tower  
  104  7:11  SCV  
  104  7:12  Missile Turret  
  104  7:13  SCV, Marine  
  104  7:14  Marine  
  104  7:15  Medivac x2  
  112  7:19  SCV  
  112  7:20  Marine  
  112  7:22  Marine  
  112  7:25  SCV  
  112  7:26  Marine  
  114  7:30  Combat Shield  
  114  7:32  Marine  
  114  7:33  SCV  
  113  7:38  SCV  
  113  7:39  Marine  
  113  7:41  Marine  
  116  7:45  Medivac x2  
  119  7:51  Marine  
  119  7:52  Refinery, Barracks  
  119  7:54  Refinery  
  121  7:59  SCV, Marine  
  121  8:00  Marine  
  121  8:02  SCV x2  
  121  8:05  Armory  
  125  8:09  Marine  
  125  8:11  SCV  
  127  8:13  Marine, Siege Tank  
  127  8:14  SCV x2  
  133  8:20  Supply Depot  
  133  8:21  Supply Depot  
  133  8:24  Marine  
  133  8:25  SCV, Medivac x2  
  133  8:26  Barracks  
  139  8:27  Marine  
  139  8:28  Marine  
  141  8:38  SCV, Marine  
  141  8:42  Marine x2  
  141  8:43  Marine  
  141  8:45  Marine x2  
  141  8:46  Siege Tank  
  141  8:47  SCV  
  150  8:55  Medivac  
  148  8:56  Marine  
  148  8:59  Marine  
  148  9:00  Marine  
  148  9:01  Marine  
  148  9:03  Marine x2  
  148  9:06  Medivac  
  142  9:14  Marine  
  142  9:15  Terran Infantry Armor Level 2, Terran Infantry Weapons Level 2  
  142  9:17  Terran Vehicle Weapons Level 1, Marine  
  142  9:18  Marine  
  142  9:21  Marine x2  
  125  9:24  Barracks Reactor  
  125  9:25  Factory  
  125  9:30  Missile Turret  
  126  9:31  Missile Turret x2  
  126  9:32  Missile Turret x3, Marine x2  
  126  9:33  Missile Turret  
  126  9:35  Marine  
  126  9:36  Marine  
  132  9:39  Marine x2  
  132  9:42  Liberator x2  
  136  9:47  Siege Tank  
  141  9:53  Marine  
  141  9:57  Command Center  
  140  10:00  Marine  
  140  10:01  Marine  
  140  10:04  Marine x2  
  138  10:09  Marine  
  138  10:12  Marine  
  134  10:14  Marine  
  134  10:17  SCV, Marine  
  134  10:19  Marine  
  134  10:20  SCV  
  140  10:21  SCV, Marine  
  140  10:22  Marine  
  140  10:27  Barracks Reactor  
  138  10:29  SCV  
  138  10:32  SCV  
  138  10:35  Marine  
  140  10:41  Supply Depot x3  
  141  10:43  Supply Depot, Marine x5  
  141  10:44  Factory Tech Lab  
  141  10:46  Viking  
  141  10:49  Marine  
  149  11:02  Viking, SCV x2, Marine x2  
  155  11:06  Supply Depot, Marine x6  
  155  11:07  Supply Depot, Marine  
  155  11:08  Supply Depot  
  155  11:09  Missile Turret  
  162  11:15  SCV  
  162  11:16  Siege Tank  
  166  11:19  SCV  
  166  11:20  Marine x2  
  166  11:24  SCV, Marine x3  
  171  11:26  Viking  
  171  11:29  Marine  
  171  11:31  SCV, Marine  
  176  11:32  Marine  
  177  11:43  Marine x3  
  177  11:44  Marine  
  177  11:46  Marine  
  173  11:52  Siege Tank  
  168  11:57  SCV x2  
  171  12:05  Terran Infantry Weapons Level 3  
  171  12:07  Terran Infantry Armor Level 3  
  166  12:12  Bunker  
  166  12:14  Siege Tank  
  169  12:16  Missile Turret, Sensor Tower  
  169  12:17  Planetary Fortress  
  169  12:21  Marine  
  170  12:24  Siege Tank  
  170  12:26  Marine x2  
  179  12:31  Medivac x2  
  179  12:32  Missile Turret  
  178  12:38  Marine x2  
  178  12:40  Starport  
  178  12:41  Starport  
  178  12:43  Terran Vehicle Weapons Level 2  
  180  12:49  Marine  
  180  12:50  Fusion Core  
  181  12:51  Marine  
  181  12:52  Missile Turret  
  182  13:00  Marine x3  
  182  13:01  Marine  
  186  13:07  Command Center  
  186  13:09  Viking x2  
  174  13:20  Marine  
  174  13:21  Marine x5  
  174  13:22  Siege Tank  
  174  13:25  Viking  
  174  13:26  Viking  
  177  13:27  Marine  
  177  13:31  Marine x2  
  180  13:38  Marine x4  
  180  13:40  Marine  
  180  13:43  Viking x2  
  180  13:45  Marine  
  180  13:46  Marine  
  184  13:53  Marine  
  184  13:54  Marine  
  186  13:56  Marine x3  
  186  13:59  Viking  
  186  14:00  Viking  
  193  14:07  Marine  
  185  14:13  Viking  
  185  14:15  Viking  
  189  14:24  Marine  
  183  14:29  Viking x2  
  183  14:43  Viking  
  183  14:45  Viking  
  184  14:59  Viking x2  
  188  15:03  Marine  
  188  15:05  Marine  
  188  15:06  Marine  
  157  15:12  Planetary Fortress  
  157  15:13  Viking  
  156  15:16  Viking  
  156  15:20  Marine  
  156  15:21  Marine  
  160  15:22  Marine x2  
  162  15:29  Viking  
  166  15:46  Refinery  
  166  15:47  Refinery  
  163  15:50  Sensor Tower  
  163  15:53  Marine  
  163  15:54  Marine x5  
  163  15:56  Marine  
  126  16:01  Marine x2  
  126  16:03  Orbital Command  
  123  16:11  Marine  
  124  16:12  Marine x4  

Tags
 
Add a new tag
Caveats
  • Supply blocks, unpowered buildings, or Contaminate may cause inaccurate times.
  • Supply counts are checked every 10 seconds.